 Dungeon Crawl Stone Soup version 0.30-a0-371-gad7725a93e (webtiles) character file.

Game seed: 6234879165369597369

124 innerfire433 the Ducker (level 4, -10/32 HPs)
             Began as a Demonspawn Monk on Nov 21, 2022.
             Was a Priest of Hepliaklqana.
             Mangled by an ogre
             ... wielding a +0 giant club
              (22 damage)
             ... on level 4 of the Dungeon.
             The game lasted 00:08:16 (2869 turns).

innerfire433 the Ducker (Demonspawn Monk)           Turns: 2869, Time: 00:08:17

Health: -10/32     AC:  5    Str: 14    XL:     4   Next: 81%
Magic:  4/4        EV: 13    Int: 11    God:    Hepliaklqana [***...]
Gold:   136        SH:  5    Dex: 15    Spells: 3/3 levels left

rFire   + . .      SeeInvis .    h - staff of poison
rCold   . . .      Faith    .    (no shield)
rNeg    . . .      Spirit   .    i - +1 leather armour of Incorporation {Fly}
rPois   +          Reflect  +    o - +0 helmet
rElec   .          Harm     .    (no cloak)
rCorr   .          Rampage  .    (no gloves)
Will    .....                    (no boots)
Stlth   ++........               j - amulet "Mousm" {Reflect rPois rF+ SH+5}
HPRegen 0.25/turn                (no ring)
MPRegen 0.09/turn                (no ring)

@: flying
A: reduced essence, claws 1, spiny 1
a: Renounce Religion, Recall Ancestor, Ancestor Identity, Transference


You were on level 4 of the Dungeon.
You worshipped Hepliaklqana.
Hepliaklqana was most pleased with you.
You visited 1 branch of the dungeon, and saw 4 of its levels.

You collected 136 gold pieces.

Inventory:

Hand Weapons
 a - a +0 mace
Armour
 b - a +0 robe
 i - the +1 leather armour of Incorporation (worn) {Fly}
   (You found it on level 2 of the Dungeon)

   Fly:       It grants you flight.
 o - a +0 helmet (worn)
Magical Staves
 h - a staff of poison (weapon)
Jewellery
 j - the amulet "Mousm" (around neck) {Reflect rPois rF+ SH+5}
   (You found it on level 2 of the Dungeon)

   [amulet of reflection]

   It reflects blocked missile attacks.
   rF:        It protects you from fire.
   rPois:     It protects you from poison.
   SH:        It affects your SH (+5).
Wands
 q - a wand of acid (8)
Scrolls
 d - 2 scrolls of magic mapping
 e - a scroll of enchant weapon
 f - a scroll of summoning
 g - 2 scrolls of poison
 k - a scroll of brand weapon {unknown}
 s - 3 scrolls of identify
 t - a scroll of enchant armour {unknown}
 u - a scroll of amnesia {unknown}
Potions
 c - 2 potions of ambrosia
 l - a potion of brilliance {unknown}
 m - a potion of mutation {unknown}
 n - a potion of heal wounds
 p - a potion of might {unknown}
 r - a potion of magic {unknown}


   Skills:
 + Level 3.6 Fighting
 - Level 2.9(3.2) Maces & Flails
 * Level 2.0(2.8) Staves
 * Level 3.8 Dodging
 - Level 1.8 Stealth


You had 3 spell levels left.
You didn't know any spells.
Your spell library contained the following spells:

 Spells                   Type           Power      Damage    Failure   Level
 Blink                    Tloc           0%         N/A       56%         2
 Momentum Strike          Conj/Tloc      0%         3d8       56%         2
 Scorch                   Fire           0%         2d5       56%         2
 Lesser Beckoning         Tloc           0%         N/A       80%         3
 Flame Wave               Conj/Fire      0%         2d4       99%         4
 Summon Cactus Giant      Summ           0%         N/A       100%        6


Dungeon Overview and Level Annotations

Branches:
Dungeon (4/15)
 Temple: D:4-7

Altars:
Hepliaklqana
Uskayaw

Shops:
D:3 *=


Innate Abilities, Weirdness & Mutations

Your life essence is reduced to manifest your ancestor. (-10% HP)
You have sharp fingernails.
You are partially covered in sharp spines.


Message History

Servia barely misses the orc.
The orc is struck by your spines.
You kill the orc!
The orc hits you with a +0 club.
You hit the orc.
The orc is severely wounded.
Servia barely misses the orc.
The orc hits you with a +0 club. The orc is struck by your spines.
The orc closely misses you.
You hit the orc.
You kill the orc!
The ogre hits Servia with a +0 giant club.
The orc closely misses you. You block the orc's attack.
Servia closely misses the orc.
You hit the orc.
The orc is almost dead.
The kobold hits you but does no damage. The orc is struck by your spines.
You kill the orc!
The orc barely misses you.
Servia hits the orc with a +0 flail!
The orc dies!
The ogre hits Servia with a +0 giant club!!
Servia is destroyed!
Your Staves skill increases to level 2!
You hit the kobold.
You kill the kobold!
The ogre closely misses you.
Things that are here:
a +0 dagger; a +0 flail; a +0 ring mail You barely miss the ogre.
The ogre is struck by your spines. The ogre hits you with a +0 giant club!
Ouch! That really hurt!
You are too injured to fight recklessly!
You are too injured to fight recklessly!
You are too injured to fight recklessly!
You are too injured to fight recklessly!
You are too injured to fight recklessly!
The ogre barely misses you.
You hit the ogre.
The ogre is lightly wounded.
The ogre hits you with a +0 giant club!!
Ouch! That really hurt!
You die...

#....# ##..##
#..# ######
#.##
##....###.#
###.......#.#
##(..........#
#..$.........#
.......)O@...#
.......)))...#
.............#
.............#
.............#
.....$.......#
...............
#............##


You could see an ogre.

Vanquished Creatures
  Robin (D:3)
  3 adders
  A worm (D:2)
  3 dart slugs
  3 orcs (D:4)
  7 bats
  6 endoplasms
  3 giant cockroaches
  14 goblins
  7 hobgoblins
  3 quokkas (D:1)
  6 ball pythons
  A frilled lizard (D:3)
  9 kobolds
  5 rats
72 creatures vanquished.

Vanquished Creatures (collateral kills)
  An orc (D:4)
1 creature vanquished.

Vanquished Creatures (others)
  A knight (D:4)
1 creature vanquished.

Grand Total: 74 creatures vanquished

Notes
Turn   | Place    | Note
-------+----------+-------------------------------------------
     0 | D:1      | innerfire433 the Demonspawn Monk began the quest for the
                  | Orb.
     0 | D:1      | Reached XP level 1. HP: 18/18 MP: 1/1
   250 | D:1      | Gained mutation: You have sharp fingernails. [demonic
                  | ancestry]
   250 | D:1      | Reached XP level 2. HP: 24/24 MP: 2/2
   901 | D:1      | Reached XP level 3. HP: 18/26 MP: 3/3
  1708 | D:2      | Reached skill level 1 in Staves
  1879 | D:2      | Identified the +1 leather armour of Incorporation {Fly}
  1892 | D:2      | Identified the amulet "Mousm" {Reflect rPois rF+ SH+5}
  2264 | D:3      | Gained mutation: You are partially covered in sharp spines.
                  | [demonic ancestry]
  2264 | D:3      | Reached XP level 4. HP: 34/35 MP: 4/4
  2333 | D:3      | Found Gutsati's Jewellery Emporium.
  2377 | D:3      | Noticed Robin
  2399 | D:3      | Killed Robin
  2516 | D:3      | Found Goeczel's Assorted Antiques.
  2562 | D:3      | Found a faded altar of an unknown god.
  2578 | D:3      | Prayed at the altar of an unknown god.
  2578 | D:3      | Became a worshipper of Hepliaklqana the Forgotten
  2578 | D:3      | Reached * piety under Hepliaklqana
  2578 | D:3      | Reached ** piety under Hepliaklqana
  2579 | D:3      | Remembered your ancestor Servia as a knight
  2635 | D:3      | Found a hide-covered altar of Uskayaw.
  2824 | D:4      | Reached *** piety under Hepliaklqana
  2853 | D:4      | Noticed an ogre
  2869 | D:4      | Mangled by an ogre

Illustrated notes

Levels and vault maps discovered:
D:1:      ncdulo_lavacross, layout_loops_corners
D:2:      layout_basic, serial_rivers, chequers_serial_rivers_micro_c,
          chequers_serial_rivers_large_b, chequers_serial_rivers_room_b,
          chequers_serial_rivers_room_b, chequers_serial_rivers_small_3,
          chequers_serial_rivers_micro_b
D:3:      layout_basic, lemuel_tele_altar,
          hellmonk_ecumenical_altar_heavens_door, serial_shops, shop,
          shop_statue, uniq_robin
D:4:      layout_cave_pods, minmay_misc_feat_chi, kennysheep_cluttered_room,
          minmay_unequal

Skill      XL: |  1  2  3  4 |
---------------+-------------+-----
Dodging        | 3 |  3.8
Staves         | 1 2 |  2.0
Fighting       | |  3.6
Maces & Flails | |  2.9
Stealth        | |  1.8

Action                   |  1- 3 |  4- 6 || total
-------------------------+-------+-------++-------
Melee: Mace              |    38 |       ||    38
       Staff             |   117 |    67 ||   184
       Punch             |     2 |     1 ||     3
Invok: Ancestor Life: Kn |       |     1 ||     1
  Use: Scroll            |     8 |       ||     8
       Potion            |     1 |       ||     1
 Stab: Sleeping          |     7 |     2 ||     9
Armor: Robe              |    26 |       ||    26
       Leather armour    |     7 |    12 ||    19
Dodge: Dodged            |   107 |    37 ||   144
Block: Other             |     9 |    17 ||    26

Table legend: (Time is in decaauts)
 A = Elapsed time spent in this place.
 B = Non-inter-level travel time spent in this place.
 C = Inter-level travel time spent in this place.
 D = Time resting spent in this place.
 E = Time spent auto-exploring this place.
 F = Levels seen in this place.
 G = Mean time per level.
                   A        B        C        D        E       F      G
               +--------+--------+--------+--------+--------+-----+--------+
         Total |   2929 |   2662 |    267 |      0 |   1959 |   4 |  732.2 |
       Dungeon |   2929 |   2662 |    267 |      0 |   1959 |   4 |  732.2 |
               +--------+--------+--------+--------+--------+-----+--------+

Top non-repeatable levels by time:
     D:1: 1345 daAuts
     D:2: 919 daAuts
     D:3: 611 daAuts
     D:4: 53 daAuts
